 Dungeon Crawl Stone Soup version 0.30-a0-23-ge60ba3568b (webtiles) character file.

Game seed: 1530623164037083046

116 Cedruin the Chopper (level 4, 0/35 HPs)
             Began as a Demonspawn Gladiator on Aug 24, 2022.
             Slain by a gnoll
             ... wielding a +0 whip
              (2 damage)
             ... on level 4 of the Dungeon.
             The game lasted 00:04:45 (2907 turns).

Cedruin the Chopper (Demonspawn Gladiator)          Turns: 2907, Time: 00:04:45

Health: 0/35       AC:  4    Str: 16    XL:     4   Next: 70%
Magic:  4/4        EV: 12    Int: 10    God:
Gold:   160        SH:  0    Dex: 14    Spells: 3/3 levels left

rFire   . . .      SeeInvis .    a - +1 war axe (vorpal)
rCold   . . .      Faith    .    (no shield)
rNeg    . . .      Spirit   .    b - +1 leather armour
rPois   +          Reflect  .    (helmet restricted)
rElec   .          Harm     .    (no cloak)
rCorr   +          Rampage  .    (no gloves)
Will    .....                    (no boots)
Stlth   +.........               (no amulet)
HPRegen 0.11/turn                j - ring of poison resistance
MPRegen 0.09/turn                p - ring of resist corrosion

@: no status effects
A: horns 1
a: no special abilities


You were on level 4 of the Dungeon.
You visited 1 branch of the dungeon, and saw 4 of its levels.

You collected 160 gold pieces.

Inventory:

Hand Weapons
 a - a +1 vorpal war axe (weapon)
Missiles
 d - 5 throwing nets (quivered)
 e - a javelin
Armour
 b - a +1 leather armour (worn)
Jewellery
 j - a ring of poison resistance (left hand)
 p - a ring of resist corrosion (right hand)
 q - a ring of positive energy
Wands
 g - a wand of mindburst (16)
Scrolls
 f - 2 scrolls of blinking
Potions
 c - 3 potions of flight
 h - a potion of attraction {unknown}
 i - a potion of ambrosia {unknown}
 k - a potion of mutation
 m - a potion of degeneration {unknown}
 n - a potion of curing {unknown}
 r - 2 potions of magic


   Skills:
 + Level 3.0 Fighting
 * Level 4.0 Axes
 - Level 1.7 Throwing
 + Level 3.4 Dodging


You had 3 spell levels left.
You didn't know any spells.
Your spell library contained the following spells:

 Spells                   Type           Power      Damage    Failure   Level
 Conjure Flame            Conj/Fire      0%         6-21      80%         3
 Ignite Poison            Fire/Tmut/Pois 0%         N/A       80%         3
 Passage of Golubria      Tloc           0%         N/A       99%         4
 Sticky Flame             Conj/Fire      0%         2d3       99%         4
 Silence                  Hex/Air        0%         N/A       100%        5
 Lehudib's Crystal Spear  Conj/Erth      0%         10d2      100%        8


Dungeon Overview and Level Annotations

Branches:
Dungeon (4/15)
 Temple: D:4-7

Altars:
Sif Muna
Yredelemnul

Shops:
D:2 *   D:3 [*(*

Annotations:
D:3 3 runed translucent doors, Adrian566's ghost, amateur HOFi; fingers's ghost, amateur DrTm


Innate Abilities, Weirdness & Mutations

You have a pair of small horns on your head.


Message History

You closely miss the gnoll. You hit the orc. You hit the orc but do no damage.
The gnoll hits you with a +0 club. The orc hits you but does no damage.
The orc barely misses you.
An endoplasm comes into view.
Unknown command.
The endoplasm quivers.
You hit the orc.
You kill the orc!
You completely miss the gnoll. You barely miss the orc. You slash the gnoll!
The gnoll barely misses you. x2; The orc hits you with a +0 short sword.
The gnoll closely misses you.
Your Fighting skill increases to level 3!
You hit the gnoll but do no damage.
The gnoll is almost dead.
You barely miss the orc. You hit the gnoll. The gnoll closely misses you.
The gnoll barely misses you. x2; The orc completely misses you.
The gnoll hits you with a +0 club. The gnoll barely misses you.
The orc hits you with a +0 short sword. The gnoll hits you with a +0 whip.
The gnoll hits you from afar with a +0 spear.
* * * LOW HITPOINT WARNING * * *
The endoplasm jiggles.
The orc closely misses you. The gnoll attacks as you move away!
The gnoll closely misses you. The gnoll attacks as you move away!
The gnoll hits you with a +0 whip.
* * * LOW HITPOINT WARNING * * *
The gnoll attacks as you move away! The gnoll barely misses you.
The gnoll attacks as you move away! The gnoll misses you.
The gnoll attacks as you move away! The gnoll hits you with a +0 whip.
* * * LOW HITPOINT WARNING * * *
The gnoll attacks as you move away! The gnoll barely misses you.
The gnoll attacks as you move away! The gnoll hits you with a +0 whip.
* * * LOW HITPOINT WARNING * * *
You are too injured to fight recklessly!
You barely miss the gnoll.
The gnoll is severely wounded.
The gnoll barely misses you.
You closely miss the gnoll.
The gnoll is severely wounded.
The gnoll hits you with a +0 whip.
You die...

#.#.#.#.#......#
.........g.....#
....##...g...##
#### ##.....##
#gJ..## #.o###
#.o# #.g# #.@#
#..# #..# #..#
#..# #..# #..#
#..# #..#


You could see 4 gnolls, 2 orcs and an endoplasm.

Vanquished Creatures
  A jelly (D:4)
  2 adders
  2 dart slugs
  3 orcs (D:4)
  7 ball pythons
  4 bats
  10 endoplasms
  A giant cockroach (D:1)
  6 goblins
  3 hobgoblins
  8 kobolds
  3 quokkas
  6 frilled lizards
  4 rats
60 creatures vanquished.

Notes
Turn   | Place    | Note
-------+----------+-------------------------------------------
     0 | D:1      | Cedruin the Demonspawn Gladiator began the quest for the
                  | Orb.
     0 | D:1      | Reached XP level 1. HP: 16/16 MP: 1/1
   137 | D:1      | Found a faded altar of an unknown god.
   144 | D:1      | Reached skill level 3 in Axes
   144 | D:1      | Gained mutation: You have a pair of small horns on your
                  | head. [demonic ancestry]
   144 | D:1      | Reached XP level 2. HP: 18/22 MP: 2/2
   918 | D:2      | Reached XP level 3. HP: 28/28 MP: 3/3
  1092 | D:2      | Found a basalt altar of Yredelemnul.
  1148 | D:2      | Found Patub's Assorted Antiques.
  1825 | D:3      | Reached XP level 4. HP: 26/34 MP: 4/4
  1984 | D:3      | Found a runed translucent gate.
  1985 | D:3      | Found a runed translucent gate.
  1985 | D:3      | Found a runed translucent gate.
  1986 | D:3      | Noticed Adrian566's ghost (amateur HOFi)
  1987 | D:3      | Noticed fingers's ghost (amateur DrTm)
  2003 | D:3      | Found Saeheimy's General Store.
  2028 | D:3      | Found a shimmering blue altar of Sif Muna.
  2125 | D:3      | Found Akliux's Weapon Emporium.
  2227 | D:3      | Found Raheray's Armour Shop.
  2397 | D:3      | Found Baiffep's Assorted Antiques.
  2818 | D:4      | Reached skill level 4 in Axes
  2907 | D:4      | Slain by a gnoll

Illustrated notes

Levels and vault maps discovered:
D:1:      eino_arrival_water_star, layout_rooms, basic_ecumenical_altar,
          minmay_misc_feat_enclosed
D:2:      layout_rooms, basic_altar, serial_shops, nicolae_shop_behind_doors,
          minmay_goblin_kobold_house
D:3:      layout_loops_ring, mainiacjoe_overflow_catwalk, serial_shops,
          nicolae_lakefront_shop, shop, nicolae_shop_hallway_plus,
          nicolae_shop_behind_doors, gammafunk_ghost_cemetery
D:4:      layout_cave_pods, general_overflow_altar, hex_large

Skill      XL: |  1  2  3  4 |
---------------+-------------+-----
Axes           | 3 4 |  4.0
Dodging        | 3 |  3.4
Fighting       | 3 |  3.0
Throwing       | |  1.7

Action                   |  1- 3 |  4- 6 || total
-------------------------+-------+-------++-------
Melee: War axe           |   100 |    36 ||   136
       Headbutt          |    16 |     7 ||    23
  Use: Scroll            |     9 |     4 ||    13
Armor: Leather armour    |    35 |     6 ||    41
Dodge: Dodged            |    60 |    38 ||    98

Table legend: (Time is in decaauts)
 A = Elapsed time spent in this place.
 B = Non-inter-level travel time spent in this place.
 C = Inter-level travel time spent in this place.
 D = Time resting spent in this place.
 E = Time spent auto-exploring this place.
 F = Levels seen in this place.
 G = Mean time per level.
                   A        B        C        D        E       F      G
               +--------+--------+--------+--------+--------+-----+--------+
         Total |   2950 |   2900 |     50 |     24 |   2425 |   4 |  737.5 |
       Dungeon |   2950 |   2900 |     50 |     24 |   2425 |   4 |  737.5 |
               +--------+--------+--------+--------+--------+-----+--------+

Top non-repeatable levels by time:
     D:3: 1095 daAuts
     D:1: 926 daAuts
     D:2: 801 daAuts
     D:4: 127 daAuts
